 Dungeon Crawl Stone Soup version 0.30-a0-596-g0af90f9a20 (webtiles) character file.

Game seed: 7279538984052086185

365 KinGLemons the Protected (level 6, -3/44 HPs)
             Began as a Gnoll Wanderer on Jan 6, 2023.
             Was an Initiate of Gozag.
             Slain by a wyvern (6 damage)
             ... on level 6 of the Dungeon.
             The game lasted 00:14:21 (2357 turns).

KinGLemons the Protected (Gnoll Wanderer)           Turns: 2357, Time: 00:14:22

Health: -3/44      AC:  9    Str: 11    XL:     6   Next: 68%
Magic:  11/11      EV: 11    Int: 11    God:    Gozag
Gold:   347        SH:  0    Dex: 14    Spells: 11/12 levels left

rFire   . . .      SeeInvis .    a - +2 quarterstaff
rCold   . . .      Faith    .    (shield currently unavailable)
rNeg    . . .      Spirit   .    b - +0 ring mail
rPois   .          Reflect  .    n - +1 helmet
rElec   .          Harm     .    (no cloak)
rCorr   .          Rampage  .    (no gloves)
Will    .....                    (no boots)
Stlth   +                        (no amulet)
HPRegen 0.27/turn                r - +4 ring of slaying
MPRegen 0.12/turn                (no ring)

@: no status effects
A: fangs 1, strong nose, distributed training
a: Renounce Religion, Potion Petition, Call Merchant, Bribe Branch


You were on level 6 of the Dungeon.
You worshipped Gozag.
Gozag was aware of your devotion.
You visited 1 branch of the dungeon, and saw 6 of its levels.

You collected 356 gold pieces.
You paid 9 gold pieces to Gozag.

Inventory:

Hand Weapons
 a - a +2 quarterstaff (weapon)
 f - a +0 dagger
 i - a +0 dagger
 w - a +0 dagger
 y - a +0 dagger
 z - a +0 sling
 B - a +0 trident
 E - a +0 dagger
 F - a +0 short sword
 H - a +0 short sword
 N - a +0 flail
 Q - a +0 short sword
Missiles
 l - 28 stones
Armour
 b - a +0 ring mail (worn)
 d - a +0 robe
 g - a +0 pair of boots
 h - a +0 ring mail
 k - an orb of guile
 n - a +1 helmet (worn)
 v - a +0 chain mail
 x - a +0 leather armour
 A - a +0 chain mail
 D - a +0 cloak
Jewellery
 r - a +4 ring of slaying (left hand)
Scrolls
 c - a scroll of fog
 j - a scroll of brand weapon {unknown}
 m - a scroll of magic mapping {unknown}
 q - 2 scrolls of blinking {unknown}
 t - a scroll of torment {unknown}
 C - a scroll of acquirement {unknown}
 K - a scroll of enchant armour {unknown}
 O - a scroll of immolation {unknown}
 P - a scroll of identify
Potions
 e - 3 potions of ambrosia
 o - a potion of degeneration {unknown}
 p - 3 potions of haste {unknown}
 s - a potion of might {unknown}
 u - a potion of curing {unknown}
 G - a potion of heal wounds {unknown}
 I - a potion of cancellation {unknown}
 J - a potion of attraction {unknown}
 L - a potion of lignification {unknown}
 M - a potion of flight {unknown}


   Skills:
 + Level 2.1 Fighting
 + Level 2.1 Short Blades
 + Level 2.1 Long Blades
 + Level 2.1 Axes
 + Level 2.1 Maces & Flails
 + Level 2.1 Polearms
 + Level 6.9 Staves
 + Level 2.1 Ranged Weapons
 + Level 2.1 Throwing
 + Level 10.6 Armour
 + Level 2.1 Dodging
 + Level 2.1 Stealth
 + Level 2.1 Shields
 + Level 2.1 Unarmed Combat
 + Level 3.5 Spellcasting
 + Level 1.7 Conjurations
 + Level 1.7 Hexes
 + Level 1.7 Summonings
 + Level 1.7 Necromancy
 + Level 1.7 Translocations
 + Level 1.7 Transmutations
 + Level 1.7 Fire Magic
 + Level 2.7 Ice Magic
 + Level 1.7 Air Magic
 + Level 1.7 Earth Magic
 + Level 1.7 Poison Magic
 + Level 2.4 Invocations
 + Level 2.1 Evocations


You had 11 spell levels left.
You knew the following spells:

 Your Spells              Type           Power      Damage    Failure   Level
a - Freeze                Ice            32%        1d5       16%         1

Your spell library contained the following spells:

 Spells                   Type           Power      Damage    Failure   Level
 Ozocubu's Armour         Ice            8%         N/A       43%         3


Dungeon Overview and Level Annotations

Branches:
Dungeon (6/15)
 Temple: D:4-7

Altars:
Gozag


Innate Abilities, Weirdness & Mutations

You have very sharp teeth.
Your uncanny sense of smell can sniff out nearby items.
Your experience applies equally to all skills.


Message History

The scorpion is severely wounded.
The scorpion closely misses you.
You closely miss the scorpion.
The scorpion is severely wounded.
The scorpion stings you.
You thump the scorpion!
You kill the scorpion!
You now have 324 gold pieces (gained 6).
You now have 331 gold pieces (gained 7).
You now have 347 gold pieces (gained 16).
Found a stone staircase leading up.
Found 8 stones.
A wyvern comes into view.
The wyvern hisses angrily.
The wyvern hisses menacingly.
You hit the wyvern.
The wyvern is lightly wounded.
The wyvern bites you! The wyvern barely misses you.
You barely miss the wyvern. You bite the wyvern.
The wyvern is moderately wounded.
The wyvern bites you.
You barely miss the wyvern.
The wyvern is moderately wounded.
The wyvern bites you! x2
* * * LOW HITPOINT WARNING * * *
You sock the wyvern!
The wyvern is heavily wounded.
The wyvern barely misses you.
You closely miss the wyvern.
The wyvern is heavily wounded.
The wyvern barely misses you.
The wyvern bites you but does no damage.
You hit the wyvern but do no damage. You bite the wyvern, but do no damage.
The wyvern is heavily wounded.
The wyvern barely misses you.
You hit the wyvern. You bite the wyvern.
The wyvern is almost dead.
The wyvern bites you.
You die...
Your body crumbles into a pile of gold.

............#+#.##.
..................#
..................#
................<.##
............#...... $
.................###
............##.....#
...<.............#
............##..@#
............####l#
............# .(..
............# .......
$
...<........#.........
............#.........
#.##...######.........
#. ###.# #.........#
#. ...


You could see a wyvern.

Vanquished Creatures
  A bullfrog (D:6)
  A scorpion (D:6)
  A howler monkey (D:3)
  A hound (D:5)
  2 iguanas
  An orc wizard (D:5)
  3 adders
  3 worms
  A dart slug (D:1)
  5 orcs (D:5)
  7 ball pythons
  4 bats
  4 endoplasms
  A giant cockroach (D:2)
  4 goblins
  5 hobgoblins
  5 kobolds
  3 quokkas (D:1)
  A frilled lizard (D:2)
  3 rats
56 creatures vanquished.

Notes
Turn   | Place    | Note
-------+----------+-------------------------------------------
     0 | D:1      | Reached skill level 10 in Armour
     0 | D:1      | KinGLemons the Gnoll Wanderer began the quest for the Orb.
     0 | D:1      | KinGLemons set off with the following items: a +2
                  | quarterstaff, a +0 ring mail, a scroll of fog; and the
                  | following spell memorised: Freeze; and the following spells
                  | available to memorise: Ozocubu's Armour.
     0 | D:1      | Reached XP level 1. HP: 13/13 MP: 4/4
    79 | D:1      | Reached XP level 2. HP: 19/19 MP: 5/5
   420 | D:2      | Reached XP level 3. HP: 25/25 MP: 7/7
   455 | D:2      | Found an opulent altar of Gozag.
   515 | D:2      | Became a worshipper of Gozag Ym Sagoz the Greedy
   589 | D:2      | Reached skill level 1 in Invocations
  1118 | D:3      | Reached skill level 1 in Fighting
  1118 | D:3      | Reached skill level 1 in Short Blades
  1118 | D:3      | Reached skill level 1 in Long Blades
  1118 | D:3      | Reached skill level 1 in Axes
  1118 | D:3      | Reached skill level 1 in Maces & Flails
  1118 | D:3      | Reached skill level 1 in Polearms
  1118 | D:3      | Reached skill level 1 in Ranged Weapons
  1118 | D:3      | Reached skill level 1 in Throwing
  1118 | D:3      | Reached skill level 1 in Dodging
  1118 | D:3      | Reached skill level 1 in Stealth
  1118 | D:3      | Reached skill level 1 in Shields
  1118 | D:3      | Reached skill level 1 in Unarmed Combat
  1118 | D:3      | Reached skill level 1 in Evocations
  1146 | D:3      | Reached skill level 1 in Conjurations
  1146 | D:3      | Reached skill level 1 in Hexes
  1146 | D:3      | Reached skill level 1 in Summonings
  1146 | D:3      | Reached skill level 1 in Necromancy
  1146 | D:3      | Reached skill level 1 in Translocations
  1146 | D:3      | Reached skill level 1 in Transmutations
  1146 | D:3      | Reached skill level 1 in Fire Magic
  1146 | D:3      | Reached skill level 1 in Air Magic
  1146 | D:3      | Reached skill level 1 in Earth Magic
  1146 | D:3      | Reached skill level 1 in Poison Magic
  1146 | D:3      | Reached XP level 4. HP: 26/32 MP: 8/8
  1658 | D:3      | Reached XP level 5. HP: 37/37 MP: 9/9
  1971 | D:5      | Entered Level 5 of the Dungeon
  2237 | D:5      | Reached XP level 6. HP: 39/44 MP: 9/11
  2348 | D:6      | Noticed a wyvern
  2353 | D:6      | HP: 2/44 [wyvern (15)]
  2357 | D:6      | Slain by a wyvern

Illustrated notes

Levels and vault maps discovered:
D:1:      dpeg_arrival_stonehenge_8_columns, layout_loops_ring,
          minmay_tetromino_l2
D:2:      layout_basic, basic_altar
D:3:      minmay_evil_eye, layout_loops_corners, minmay_diced_spiral,
          uniq_terence
D:4:      layout_basic, mainiacjoe_overflow_alcove_4,
          chequers_temple_overflow_minitemple, minmay_temple_entry_fiery
D:5:      layout_layer_cave, corexii_shack
D:6:      layout_basic, dk_noncrumbling_2, uniq_maggie, uniq_pikel

Skill      XL: |  1  2  3  4  5  6 |
---------------+-------------------+-----
Armour         | | 10.6
Ice Magic      | 2 |  2.7
Invocations    | 1 2 |  2.4
Fighting       | 1 2 |  2.1
Short Blades   | 1 2 |  2.1
Long Blades    | 1 2 |  2.1
Axes           | 1 2 |  2.1
Maces & Flails | 1 2 |  2.1
Polearms       | 1 2 |  2.1
Ranged Weapons | 1 2 |  2.1
Throwing       | 1 2 |  2.1
Dodging        | 1 2 |  2.1
Stealth        | 1 2 |  2.1
Shields        | 1 2 |  2.1
Unarmed Combat | 1 2 |  2.1
Evocations     | 1 2 |  2.1
Spellcasting   | 3 |  3.5
Conjurations   | 1 |  1.7
Hexes          | 1 |  1.7
Summonings     | 1 |  1.7
Necromancy     | 1 |  1.7
Translocations | 1 |  1.7
Transmutations | 1 |  1.7
Fire Magic     | 1 |  1.7
Air Magic      | 1 |  1.7
Earth Magic    | 1 |  1.7
Poison Magic   | 1 |  1.7
Staves         | |  6.9

Action                   |  1- 3 |  4- 6 || total
-------------------------+-------+-------++-------
Melee: Quarterstaff      |    82 |    70 ||   152
       Bite              |     5 |     9 ||    14
 Cast: Freeze            |       |     1 ||     1
  Use: Scroll            |     1 |       ||     1
Armor: Ring mail         |    44 |    21 ||    65
Dodge: Dodged            |    48 |    36 ||    84

Table legend: (Time is in decaauts)
 A = Elapsed time spent in this place.
 B = Non-inter-level travel time spent in this place.
 C = Inter-level travel time spent in this place.
 D = Time resting spent in this place.
 E = Time spent auto-exploring this place.
 F = Levels seen in this place.
 G = Mean time per level.
                   A        B        C        D        E       F      G
               +--------+--------+--------+--------+--------+-----+--------+
         Total |   2351 |   2351 |      0 |    379 |    352 |   6 |  391.8 |
       Dungeon |   2351 |   2351 |      0 |    379 |    352 |   6 |  391.8 |
               +--------+--------+--------+--------+--------+-----+--------+

Top non-repeatable levels by time:
     D:3: 940 daAuts
     D:2: 646 daAuts
     D:5: 343 daAuts
     D:1: 247 daAuts
     D:4: 132 daAuts
     D:6: 40 daAuts
